[ AOE2 MATCH · #482227220 ]
UnrankedMalay vs Saracens
[ REPLAY ANALYSIS · EXTRACTED FROM THE RECORDED GAME ]
Feudal
11:26
Castle
14:42
Imperial
45:47
| APM avg | 20.7 |
| APM peak | 50 |
| eAPM avg | 14.5 |
| Villagers / military | 155 / 305 |
Focus
⚔️ 31.4% · 🌾 68.6%
Skirmisher ×115 · Karambit Warrior ×107 · Spearman ×64 · Militia ×8 · Battering Ram ×7 · Petard ×2
Feudal
10:31
Castle
14:08
Imperial
28:53
| APM avg | 38.6 |
| APM peak | 92 |
| eAPM avg | 24.6 |
| Villagers / military | 216 / 228 |
Focus
⚔️ 36.3% · 🌾 63.7%
Skirmisher ×136 · Mameluke ×81 · Battering Ram ×6 · Petard ×3 · Bombard Cannon ×2
Feudal
9:45
Castle
13:30
Imperial
27:45
| APM avg | 42.5 |
| APM peak | 76 |
| eAPM avg | 30.1 |
| Villagers / military | 175 / 227 |
Focus
⚔️ 36.2% · 🌾 63.8%
Hand Cannoneer ×73 · Scout Cavalry ×69 · Skirmisher ×38 · Knight ×27 · Monk ×10 · Mangonel ×5
Feudal
9:46
Castle
14:18
Imperial
28:00
| APM avg | 37.4 |
| APM peak | 89 |
| eAPM avg | 22.6 |
| Villagers / military | 150 / 309 |
Focus
⚔️ 38.6% · 🌾 61.4%
Knight ×128 · Spearman ×84 · Militia ×79 · Trade Cart ×26 · Battering Ram ×7 · Bombard Cannon ×6
Feudal
10:35
Castle
14:04
Imperial
33:56
| APM avg | 28.6 |
| APM peak | 65 |
| eAPM avg | 16.9 |
| Villagers / military | 157 / 152 |
Focus
⚔️ 27.9% · 🌾 72.1%
Janissary ×72 · Scout Cavalry ×57 · Bombard Cannon ×15 · Mangonel ×8
Feudal
11:38
Castle
15:50
Imperial
30:37
| APM avg | 45.1 |
| APM peak | 115 |
| eAPM avg | 21.2 |
| Villagers / military | 151 / 284 |
Focus
⚔️ 34.2% · 🌾 65.8%
Ghulam ×109 · Skirmisher ×60 · Hand Cannoneer ×59 · Camel Scout ×50 · Trebuchet (Packed) ×6
Feudal
9:44
Castle
14:33
Imperial
34:16
| APM avg | 27.2 |
| APM peak | 91 |
| eAPM avg | 16.7 |
| Villagers / military | 147 / 237 |
Focus
⚔️ 28.1% · 🌾 71.9%
Scout Cavalry ×112 · Mangudai ×98 · Trade Cart ×30 · Battering Ram ×19 · Mangonel ×8
Feudal
9:52
Castle
12:58
Imperial
—
| APM avg | 18.9 |
| APM peak | 39 |
| eAPM avg | 10.7 |
| Villagers / military | 98 / 49 |
Focus
⚔️ 24.3% · 🌾 75.7%
Scorpion ×22 · Knight ×20 · Battering Ram ×7
Match map
Initial resources + every placement click. Lines = walls · curves = elevation contours. ◆ gold · ⬟ stone · ● berries · ✦ relic · ◌ wall gap
Your base· ✓ Closed at 14:42 · 0t walls · 3 gate(s)
Coldazzzn's base· ✓ Closed at 14:08 · 0t walls · 3 gate(s)
PSX | King's base· ✓ Closed at 13:30 · 0t walls · 3 gate(s)
JAGR | LeonzAoe's base· ✓ Closed at 14:18 · 0t walls · 2 gate(s)
[T41] Flavalon's base· ✓ Closed at 14:04 · 0t walls · 3 gate(s)
Rhapcore's base· ✓ Closed at 15:50 · 0t walls · 2 gate(s)
牛比无极限's base· ✓ Closed at 14:33 · 1t walls · 2 gate(s)
Franco*'s base· ✓ Closed at 12:58 · 0t walls · 2 gate(s)
Smoothed initial terrain · ◌ = detected wall gap · hover for details
Inputs per minute
— Alejandrito - - Coldazzzn
Build order — Alejandrito
First 150 of 418 actions detected
| 0:01 | Queue | Villager (Male) |
| 0:01 | Queue | Villager (Male) |
| 0:02 | Queue | Villager (Male) |
| 0:03 | Build | House |
| 0:08 | Build | House |
| 0:11 | Build | House |
| 0:15 | Queue | Villager (Male) |
| 0:15 | Queue | Villager (Male) |
| 0:47 | Build | House |
| 1:40 | Queue | Villager (Male) |
| 1:40 | Queue | Villager (Male) |
| 2:04 | Queue | Villager (Male) |
| 2:05 | Queue | Villager (Male) |
| 2:14 | Build | Lumber Camp |
| 2:22 | Queue | Villager (Male) |
| 2:22 | Queue | Villager (Male) |
| 2:47 | Queue | Villager (Male) |
| 2:48 | Queue | Villager (Male) |
| 3:10 | Queue | Villager (Male) |
| 3:10 | Queue | Villager (Male) |
| 3:31 | Queue | Villager (Male) |
| 3:31 | Queue | Villager (Male) |
| 4:02 | Queue | Villager (Male) |
| 4:02 | Queue | Villager (Male) |
| 4:02 | Queue | Villager (Male) |
| 4:03 | Queue | Villager (Male) |
| 4:03 | Queue | Villager (Male) |
| 4:49 | Build | Mill |
| 5:18 | Queue | Villager (Male) |
| 5:18 | Queue | Villager (Male) |
| 5:18 | Queue | Villager (Male) |
| 5:56 | Build | House |
| 6:02 | Queue | Villager (Male) |
| 6:25 | Build | House |
| 6:26 | Build | House |
| 6:37 | Queue | Villager (Male) |
| 6:38 | Queue | Villager (Male) |
| 6:39 | Queue | Villager (Male) |
| 7:40 | Build | Mining Camp |
| 7:43 | Queue | Villager (Male) |
| 7:47 | Queue | Villager (Male) |
| 7:47 | Queue | Villager (Male) |
| 8:51 | Build | Mining Camp |
| 9:08 | Build | Farm |
| 9:09 | Build | Farm |
| 9:11 | Build | Farm |
| 9:12 | Build | Farm |
| 9:18 | Queue | Villager (Male) |
| 9:37 | Research | Loom |
| 9:38 | Research | Feudal Age |
| 10:20 | Queue | Villager (Male) |
| 10:21 | Queue | Villager (Male) |
| 11:26 | Age | Feudal Age |
| 11:33 | Build | Market |
| 11:43 | Build | Blacksmith |
| 12:05 | Queue | Villager (Male) |
| 12:25 | Build | House |
| 12:27 | Build | House |
| 12:38 | Queue | Villager (Male) |
| 12:48 | Research | Castle Age |
| 14:29 | Build | Farm |
| 14:30 | Build | Farm |
| 14:30 | Build | Farm |
| 14:42 | Age | Castle Age |
| 14:56 | Research | Town Watch |
| 14:57 | Queue | Villager (Male) |
| 15:18 | Build | Outpost |
| 15:20 | Build | Outpost |
| 15:24 | Queue | Villager (Male) |
| 15:33 | Queue | Villager (Male) |
| 16:21 | Build | Castle |
| 16:26 | Queue | Villager (Male) |
| 16:46 | Build | Siege Workshop |
| 16:50 | Queue | Villager (Male) |
| 17:10 | Build | Farm |
| 17:12 | Build | Farm |
| 17:15 | Build | Farm |
| 17:20 | Queue | Villager (Male) |
| 17:29 | Queue | Battering Ram ×2 |
| 17:43 | Queue | Villager (Male) |
| 18:14 | Queue | Villager (Male) |
| 18:25 | Queue | Villager (Male) |
| 18:29 | Build | Farm |
| 18:36 | Research | Double-Bit Axe |
| 18:52 | Queue | Villager (Male) |
| 18:59 | Queue | Karambit Warrior ×5 |
| 19:00 | Queue | Karambit Warrior ×5 |
| 19:00 | Queue | Karambit Warrior ×5 |
| 19:00 | Queue | Karambit Warrior ×5 |
| 19:06 | Queue | Villager (Male) |
| 19:12 | Build | House |
| 19:14 | Build | House |
| 19:15 | Build | House |
| 19:26 | Queue | Villager (Male) |
| 19:34 | Queue | Battering Ram |
| 19:46 | Queue | Petard |
| 19:47 | Queue | Petard |
| 19:59 | Queue | Villager (Male) |
| 20:02 | Queue | Battering Ram |
| 20:02 | Queue | Mangonel |
| 20:08 | Queue | Karambit Warrior ×2 |
| 20:08 | Queue | Karambit Warrior ×2 |
| 20:30 | Queue | Villager (Male) |
| 20:33 | Queue | Battering Ram |
| 20:37 | Queue | Karambit Warrior ×2 |
| 20:37 | Queue | Karambit Warrior ×2 |
| 20:41 | Queue | Karambit Warrior |
| 20:47 | Build | Farm |
| 20:51 | Build | Farm |
| 20:59 | Build | Farm |
| 21:06 | Build | House |
| 21:07 | Build | House |
| 21:08 | Queue | Villager (Male) |
| 21:13 | Queue | Karambit Warrior ×3 |
| 21:14 | Queue | Karambit Warrior ×3 |
| 21:34 | Build | Farm |
| 21:42 | Build | House |
| 21:44 | Build | House |
| 21:48 | Queue | Villager (Male) |
| 21:53 | Queue | Villager (Male) |
| 21:58 | Queue | Battering Ram |
| 22:01 | Queue | Karambit Warrior ×3 |
| 22:21 | Queue | Villager (Male) |
| 22:28 | Build | House |
| 22:30 | Build | House |
| 22:37 | Queue | Battering Ram |
| 22:41 | Queue | Karambit Warrior ×4 |
| 22:43 | Queue | Villager (Male) |
| 22:50 | Build | Lumber Camp |
| 23:01 | Queue | Karambit Warrior ×3 |
| 23:01 | Queue | Karambit Warrior ×3 |
| 23:12 | Build | House |
| 23:14 | Build | House |
| 23:26 | Build | Farm |
| 23:59 | Build | Lumber Camp |
| 24:10 | Queue | Karambit Warrior ×5 |
| 24:10 | Queue | Karambit Warrior ×5 |
| 24:11 | Queue | Karambit Warrior ×5 |
| 25:14 | Research | Forging |
| 25:26 | Build | Barracks |
| 25:55 | Queue | Karambit Warrior ×5 |
| 25:55 | Queue | Karambit Warrior ×5 |
| 25:56 | Queue | Karambit Warrior ×5 |
| 25:56 | Queue | Karambit Warrior ×5 |
| 26:24 | Build | Town Center |
| 26:32 | Build | Town Center |
| 27:16 | Queue | Karambit Warrior ×5 |
| 27:16 | Queue | Karambit Warrior ×5 |
| 27:16 | Queue | Karambit Warrior ×5 |
| 28:30 | Queue | Villager (Male) |
Build order — Coldazzzn
First 150 of 659 actions detected
| 0:01 | Queue | Villager (Male) |
| 0:01 | Queue | Villager (Male) |
| 0:02 | Queue | Villager (Male) |
| 0:02 | Queue | Villager (Male) |
| 0:03 | Build | House |
| 0:04 | Build | House |
| 1:16 | Queue | Villager (Male) |
| 1:16 | Queue | Villager (Male) |
| 1:51 | Queue | Villager (Male) |
| 2:17 | Build | Lumber Camp |
| 2:21 | Queue | Villager (Male) |
| 2:21 | Queue | Villager (Male) |
| 2:48 | Queue | Villager (Male) |
| 3:09 | Queue | Villager (Male) |
| 3:09 | Queue | Villager (Male) |
| 3:10 | Queue | Villager (Male) |
| 3:43 | Build | House |
| 3:43 | Build | House |
| 3:57 | Queue | Villager (Male) |
| 3:58 | Queue | Villager (Male) |
| 3:58 | Queue | Villager (Male) |
| 4:42 | Queue | Villager (Male) |
| 4:42 | Queue | Villager (Male) |
| 4:42 | Queue | Villager (Male) |
| 4:49 | Build | Mill |
| 5:16 | Queue | Villager (Male) |
| 5:16 | Queue | Villager (Male) |
| 5:28 | Queue | Villager (Male) |
| 5:28 | Queue | Villager (Male) |
| 5:49 | Queue | Villager (Male) |
| 5:50 | Queue | Villager (Male) |
| 6:25 | Queue | Villager (Male) |
| 6:25 | Queue | Villager (Male) |
| 6:26 | Queue | Villager (Male) |
| 8:03 | Research | Feudal Age |
| 8:05 | Build | Mining Camp |
| 8:32 | Build | House |
| 8:33 | Build | House |
| 9:23 | Queue | Villager (Male) |
| 9:23 | Queue | Villager (Male) |
| 10:31 | Age | Feudal Age |
| 10:32 | Build | Market |
| 10:35 | Build | Blacksmith |
| 11:28 | Research | Castle Age |
| 11:28 | Research | Castle Age |
| 11:37 | Research | Double-Bit Axe |
| 12:31 | Build | Lumber Camp |
| 12:34 | Build | Farm |
| 12:37 | Build | Farm |
| 12:41 | Build | Farm |
| 12:44 | Queue | Villager (Male) |
| 12:44 | Queue | Villager (Male) |
| 14:08 | Age | Castle Age |
| 14:09 | Build | Town Center |
| 14:15 | Build | Town Center |
| 14:18 | Research | Bow Saw |
| 14:25 | Build | Farm |
| 14:46 | Build | Farm |
| 15:03 | Queue | Villager (Male) |
| 15:21 | Queue | Villager (Male) |
| 15:25 | Build | Farm |
| 15:28 | Build | Farm |
| 15:33 | Queue | Villager (Male) |
| 15:34 | Queue | Villager (Male) |
| 15:39 | Queue | Villager (Male) |
| 15:42 | Build | Farm |
| 15:45 | Build | Farm |
| 15:56 | Build | House |
| 15:57 | Build | House |
| 16:04 | Queue | Villager (Male) |
| 16:04 | Queue | Villager (Male) |
| 16:06 | Build | Farm |
| 16:11 | Build | Farm |
| 16:21 | Build | Farm |
| 16:27 | Queue | Villager (Male) |
| 16:27 | Queue | Villager (Male) |
| 16:31 | Queue | Villager (Male) |
| 16:31 | Queue | Villager (Male) |
| 16:32 | Queue | Villager (Male) |
| 16:38 | Build | Farm |
| 16:41 | Build | Farm |
| 16:45 | Build | House |
| 16:47 | Queue | Villager (Male) |
| 16:47 | Queue | Villager (Male) |
| 17:00 | Queue | Villager (Male) |
| 17:00 | Queue | Villager (Male) |
| 17:09 | Build | Farm |
| 17:11 | Queue | Villager (Male) |
| 17:11 | Queue | Villager (Male) |
| 17:16 | Build | House |
| 17:18 | Queue | Villager (Male) |
| 17:18 | Queue | Villager (Male) |
| 17:29 | Queue | Villager (Male) |
| 17:30 | Queue | Villager (Male) |
| 17:30 | Queue | Villager (Male) |
| 17:39 | Queue | Villager (Male) |
| 17:39 | Queue | Villager (Male) |
| 17:45 | Build | Town Center |
| 17:48 | Queue | Villager (Male) |
| 17:49 | Queue | Villager (Male) |
| 17:50 | Queue | Villager (Male) |
| 17:59 | Build | Farm |
| 18:03 | Build | Farm |
| 18:05 | Queue | Villager (Male) |
| 18:05 | Queue | Villager (Male) |
| 18:11 | Build | House |
| 18:13 | Queue | Villager (Male) |
| 18:13 | Queue | Villager (Male) |
| 18:19 | Research | Loom |
| 18:23 | Queue | Villager (Male) |
| 18:23 | Queue | Villager (Male) |
| 18:36 | Build | Farm |
| 18:39 | Build | Farm |
| 18:40 | Queue | Villager (Male) |
| 18:40 | Queue | Villager (Male) |
| 18:47 | Queue | Villager (Male) |
| 18:47 | Queue | Villager (Male) |
| 18:49 | Build | Farm |
| 18:58 | Queue | Villager (Male) |
| 18:58 | Queue | Villager (Male) |
| 19:05 | Queue | Villager (Male) |
| 19:05 | Queue | Villager (Male) |
| 19:10 | Queue | Villager (Male) |
| 19:11 | Queue | Villager (Male) |
| 19:26 | Build | Siege Workshop |
| 19:26 | Queue | Villager (Male) |
| 19:30 | Build | House |
| 19:31 | Queue | Villager (Male) |
| 19:32 | Queue | Villager (Male) |
| 19:35 | Queue | Villager (Male) |
| 19:35 | Queue | Villager (Male) |
| 19:40 | Queue | Villager (Male) |
| 19:40 | Queue | Villager (Male) |
| 19:40 | Queue | Villager (Male) |
| 19:43 | Build | House |
| 19:44 | Build | House |
| 19:46 | Queue | Villager (Male) |
| 19:46 | Queue | Villager (Male) |
| 19:54 | Build | Gate |
| 19:56 | Build | House |
| 19:57 | Queue | Villager (Male) |
| 19:57 | Queue | Villager (Male) |
| 20:01 | Build | House |
| 20:08 | Queue | Villager (Male) |
| 20:08 | Queue | Villager (Male) |
| 20:08 | Queue | Villager (Male) |
| 20:12 | Build | Lumber Camp |
| 20:15 | Build | Farm |
| 20:15 | Build | Farm |
| 20:15 | Build | Farm |
Build order — PSX | King
First 150 of 679 actions detected
| 0:02 | Queue | Villager (Male) |
| 0:02 | Queue | Villager (Male) |
| 0:04 | Build | House |
| 0:06 | Build | House |
| 0:09 | Queue | Villager (Male) |
| 0:35 | Queue | Villager (Male) |
| 0:35 | Queue | Villager (Male) |
| 0:35 | Queue | Villager (Male) |
| 1:23 | Queue | Villager (Male) |
| 1:23 | Queue | Villager (Male) |
| 2:04 | Queue | Villager (Male) |
| 2:04 | Queue | Villager (Male) |
| 2:17 | Build | Lumber Camp |
| 2:28 | Queue | Villager (Male) |
| 2:53 | Queue | Villager (Male) |
| 2:54 | Queue | Villager (Male) |
| 3:47 | Queue | Villager (Male) |
| 3:48 | Queue | Villager (Male) |
| 3:48 | Queue | Villager (Male) |
| 4:02 | Build | House |
| 4:03 | Build | House |
| 4:05 | Queue | Villager (Male) |
| 4:46 | Build | Mill |
| 4:53 | Queue | Villager (Male) |
| 6:14 | Queue | Villager (Male) |
| 6:30 | Queue | Villager (Male) |
| 6:50 | Build | Mining Camp |
| 6:53 | Queue | Villager (Male) |
| 7:35 | Research | Feudal Age |
| 7:55 | Queue | Villager (Male) |
| 7:55 | Queue | Villager (Male) |
| 9:45 | Age | Feudal Age |
| 9:46 | Build | Market |
| 9:49 | Build | Blacksmith |
| 10:00 | Build | Farm |
| 10:50 | Research | Castle Age |
| 11:00 | Build | House |
| 11:01 | Build | House |
| 11:21 | Queue | Villager (Male) |
| 11:21 | Queue | Villager (Male) |
| 13:30 | Age | Castle Age |
| 13:34 | Build | Monastery |
| 13:37 | Build | Town Center |
| 13:41 | Research | Double-Bit Axe |
| 13:41 | Research | Horse Collar |
| 13:42 | Research | Horse Collar |
| 13:42 | Queue | Villager (Male) |
| 14:08 | Queue | Villager (Male) |
| 14:11 | Build | House |
| 14:20 | Build | Farm |
| 14:24 | Queue | Monk |
| 14:34 | Build | House |
| 14:35 | Queue | Villager (Male) |
| 14:39 | Build | Farm |
| 14:49 | Queue | Monk |
| 14:53 | Build | Farm |
| 14:56 | Queue | Villager (Male) |
| 15:10 | Build | Farm |
| 15:17 | Queue | Villager (Male) |
| 15:17 | Queue | Villager (Male) |
| 15:20 | Build | Farm |
| 15:28 | Build | Farm |
| 15:29 | Queue | Monk |
| 15:32 | Build | House |
| 15:32 | Queue | Villager (Male) |
| 15:47 | Build | Farm |
| 15:55 | Queue | Villager (Male) |
| 15:56 | Queue | Villager (Male) |
| 15:59 | Build | Farm |
| 16:03 | Build | House |
| 16:09 | Queue | Villager (Male) |
| 16:16 | Build | Farm |
| 16:17 | Queue | Villager (Male) |
| 16:18 | Queue | Villager (Male) |
| 16:34 | Queue | Villager (Male) |
| 16:38 | Build | House |
| 16:42 | Queue | Monk |
| 16:42 | Queue | Monk |
| 16:44 | Queue | Villager (Male) |
| 16:46 | Build | Farm |
| 16:49 | Build | Farm |
| 17:07 | Queue | Villager (Male) |
| 17:16 | Build | Barracks |
| 17:20 | Research | Wheelbarrow |
| 17:20 | Research | Wheelbarrow |
| 17:24 | Build | Farm |
| 17:27 | Build | Farm |
| 17:30 | Build | Farm |
| 17:40 | Build | Farm |
| 17:42 | Build | Farm |
| 17:51 | Queue | Monk |
| 17:52 | Queue | Villager (Male) |
| 17:56 | Build | House |
| 18:09 | Queue | Villager (Male) |
| 18:09 | Queue | Villager (Male) |
| 18:13 | Build | Farm |
| 18:15 | Queue | Villager (Male) |
| 18:21 | Build | House |
| 18:28 | Build | Farm |
| 18:36 | Queue | Spearman |
| 18:41 | Build | House |
| 18:49 | Queue | Monk |
| 18:52 | Queue | Villager (Male) |
| 18:52 | Queue | Villager (Male) |
| 19:08 | Research | Gold Mining |
| 19:10 | Queue | Villager (Male) |
| 19:14 | Queue | Monk |
| 19:27 | Queue | Villager (Male) |
| 19:33 | Build | House |
| 19:34 | Build | House |
| 19:41 | Queue | Villager (Male) |
| 19:42 | Queue | Villager (Male) |
| 19:52 | Build | Town Center |
| 19:59 | Queue | Villager (Male) |
| 20:03 | Build | Lumber Camp |
| 20:06 | Queue | Monk |
| 20:22 | Build | Farm |
| 20:22 | Build | Farm |
| 20:24 | Queue | Villager (Male) |
| 20:25 | Queue | Villager (Male) |
| 20:25 | Queue | Villager (Male) |
| 20:40 | Queue | Villager (Male) |
| 20:40 | Queue | Villager (Male) |
| 20:41 | Queue | Villager (Male) |
| 20:42 | Build | House |
| 20:49 | Queue | Villager (Male) |
| 20:49 | Queue | Villager (Male) |
| 21:05 | Queue | Villager (Male) |
| 21:05 | Queue | Villager (Male) |
| 21:06 | Queue | Villager (Male) |
| 21:39 | Queue | Villager (Male) |
| 21:39 | Queue | Villager (Male) |
| 21:39 | Queue | Villager (Male) |
| 21:46 | Queue | Villager (Male) |
| 22:13 | Queue | Villager (Male) |
| 22:13 | Queue | Villager (Male) |
| 22:13 | Queue | Villager (Male) |
| 22:16 | Build | Farm |
| 22:17 | Build | Farm |
| 22:17 | Build | Farm |
| 22:17 | Build | Farm |
| 22:17 | Build | Farm |
| 22:18 | Build | Farm |
| 22:18 | Build | Farm |
| 22:18 | Build | Farm |
| 22:20 | Queue | Villager (Male) |
| 22:21 | Queue | Villager (Male) |
| 22:21 | Queue | Villager (Male) |
| 22:23 | Build | Farm |
| 22:23 | Build | Farm |
Build order — JAGR | LeonzAoe
First 150 of 604 actions detected
| 0:03 | Queue | Villager (Male) ×4 |
| 0:03 | Queue | Villager (Male) ×4 |
| 0:05 | Build | House |
| 0:06 | Build | House |
| 1:36 | Queue | Villager (Male) |
| 1:47 | Build | Lumber Camp |
| 1:57 | Queue | Villager (Male) |
| 2:23 | Queue | Villager (Male) |
| 2:23 | Queue | Villager (Male) |
| 2:55 | Queue | Villager (Male) |
| 3:19 | Queue | Villager (Male) |
| 3:19 | Queue | Villager (Male) |
| 3:20 | Queue | Villager (Male) |
| 3:26 | Build | House |
| 3:27 | Build | House |
| 3:28 | Build | House |
| 3:49 | Queue | Villager (Male) |
| 3:49 | Queue | Villager (Male) |
| 4:13 | Queue | Villager (Male) |
| 4:13 | Queue | Villager (Male) |
| 4:54 | Queue | Villager (Male) |
| 4:54 | Queue | Villager (Male) |
| 4:54 | Queue | Villager (Male) |
| 5:33 | Build | Mill |
| 5:34 | Queue | Villager (Male) |
| 5:35 | Queue | Villager (Male) |
| 6:25 | Queue | Villager (Male) |
| 6:26 | Queue | Villager (Male) |
| 6:38 | Build | Farm |
| 6:41 | Build | Farm |
| 6:43 | Build | Farm |
| 6:46 | Build | Farm |
| 7:15 | Build | Mining Camp |
| 7:36 | Research | Feudal Age |
| 8:14 | Queue | Villager (Male) |
| 8:14 | Queue | Villager (Male) |
| 9:46 | Age | Feudal Age |
| 9:50 | Build | Market |
| 9:58 | Build | Blacksmith |
| 10:30 | Queue | Villager (Male) |
| 11:07 | Queue | Villager (Male) |
| 11:38 | Research | Castle Age |
| 11:52 | Research | Double-Bit Axe |
| 12:11 | Research | Horse Collar |
| 13:07 | Queue | Villager (Male) |
| 13:07 | Queue | Villager (Male) |
| 14:18 | Age | Castle Age |
| 14:22 | Build | Town Center |
| 14:26 | Build | Town Center |
| 14:46 | Queue | Villager (Male) |
| 15:06 | Research | Bow Saw |
| 15:08 | Queue | Villager (Male) |
| 15:08 | Queue | Villager (Male) |
| 15:28 | Queue | Villager (Male) |
| 15:52 | Build | Farm |
| 15:57 | Research | Heavy Plow |
| 15:58 | Queue | Villager (Male) |
| 15:59 | Queue | Villager (Male) |
| 16:02 | Queue | Villager (Male) |
| 16:02 | Queue | Villager (Male) |
| 16:02 | Queue | Villager (Male) |
| 16:03 | Queue | Villager (Male) |
| 16:12 | Build | Farm |
| 16:16 | Build | House |
| 16:17 | Build | House |
| 16:34 | Queue | Villager (Male) |
| 16:34 | Queue | Villager (Male) |
| 16:37 | Build | Farm |
| 16:55 | Queue | Villager (Male) |
| 16:55 | Queue | Villager (Male) |
| 16:55 | Queue | Villager (Male) |
| 16:58 | Build | Farm |
| 16:59 | Build | Farm |
| 16:59 | Build | Farm |
| 16:59 | Build | Farm |
| 16:59 | Build | Farm |
| 17:04 | Build | Farm |
| 17:05 | Build | Farm |
| 17:09 | Build | Farm |
| 17:09 | Build | Farm |
| 17:10 | Build | Farm |
| 17:10 | Build | Farm |
| 17:10 | Build | Farm |
| 17:10 | Build | Farm |
| 17:13 | Queue | Villager (Male) |
| 17:14 | Queue | Villager (Male) |
| 17:35 | Build | Monastery |
| 17:37 | Queue | Villager (Male) |
| 17:38 | Queue | Villager (Male) |
| 17:44 | Build | House |
| 17:46 | Build | House |
| 17:51 | Build | Farm |
| 17:52 | Build | Farm |
| 17:52 | Build | Farm |
| 17:52 | Build | Farm |
| 17:52 | Build | Farm |
| 17:53 | Build | Farm |
| 17:53 | Build | Farm |
| 17:54 | Build | Farm |
| 17:54 | Build | Farm |
| 17:54 | Build | Farm |
| 17:54 | Build | Farm |
| 17:55 | Build | Farm |
| 17:55 | Build | Farm |
| 17:55 | Build | Farm |
| 17:55 | Build | Farm |
| 17:56 | Build | Farm |
| 17:56 | Build | Farm |
| 17:56 | Build | Farm |
| 17:56 | Build | Farm |
| 17:57 | Build | Farm |
| 17:57 | Build | Farm |
| 17:57 | Build | Farm |
| 17:57 | Build | Farm |
| 17:58 | Build | Farm |
| 17:58 | Build | Farm |
| 17:58 | Build | Farm |
| 18:00 | Queue | Villager (Male) |
| 18:00 | Queue | Villager (Male) |
| 18:04 | Build | Farm |
| 18:10 | Queue | Villager (Male) |
| 18:10 | Queue | Villager (Male) |
| 18:16 | Queue | Monk |
| 18:31 | Queue | Monk |
| 18:33 | Queue | Villager (Male) |
| 18:33 | Queue | Villager (Male) |
| 18:33 | Queue | Villager (Male) |
| 18:33 | Queue | Villager (Male) |
| 18:39 | Build | Farm |
| 18:40 | Build | Farm |
| 18:42 | Build | Farm |
| 18:45 | Queue | Villager (Male) |
| 18:45 | Queue | Villager (Male) |
| 18:46 | Build | House |
| 18:48 | Build | House |
| 18:57 | Queue | Villager (Male) |
| 18:57 | Queue | Villager (Male) |
| 19:04 | Queue | Villager (Male) |
| 19:04 | Queue | Villager (Male) |
| 19:13 | Queue | Villager (Male) |
| 19:13 | Queue | Villager (Male) |
| 19:13 | Queue | Villager (Male) |
| 19:30 | Queue | Villager (Male) |
| 19:30 | Queue | Villager (Male) |
| 19:30 | Queue | Villager (Male) |
| 19:35 | Build | Town Center |
| 19:41 | Build | Lumber Camp |
| 19:50 | Research | Wheelbarrow |
| 19:52 | Queue | Villager (Male) |
| 19:52 | Queue | Villager (Male) |
Build order — [T41] Flavalon
First 150 of 403 actions detected
| 0:03 | Queue | Villager (Male) ×4 |
| 0:03 | Queue | Villager (Male) ×4 |
| 0:06 | Build | House |
| 0:11 | Build | House |
| 1:25 | Queue | Villager (Male) |
| 1:26 | Queue | Villager (Male) |
| 1:53 | Queue | Villager (Male) |
| 1:53 | Queue | Villager (Male) |
| 2:14 | Build | Lumber Camp |
| 2:16 | Queue | Villager (Male) |
| 2:17 | Queue | Villager (Male) |
| 2:40 | Queue | Villager (Male) |
| 3:22 | Queue | Villager (Male) |
| 3:23 | Queue | Villager (Male) |
| 3:23 | Queue | Villager (Male) |
| 3:40 | Queue | Villager (Male) |
| 3:52 | Build | House |
| 3:53 | Build | House |
| 3:55 | Build | House |
| 4:04 | Build | House |
| 4:10 | Queue | Villager (Male) |
| 4:11 | Queue | Villager (Male) |
| 4:52 | Build | Mill |
| 4:57 | Queue | Villager (Male) |
| 4:58 | Queue | Villager (Male) |
| 4:58 | Queue | Villager (Male) |
| 5:19 | Queue | Villager (Male) |
| 5:20 | Queue | Villager (Male) |
| 5:30 | Queue | Villager (Male) |
| 5:30 | Queue | Villager (Male) |
| 5:56 | Queue | Villager (Male) |
| 5:56 | Queue | Villager (Male) |
| 6:15 | Queue | Villager (Male) |
| 6:15 | Queue | Villager (Male) |
| 6:38 | Queue | Villager (Male) |
| 6:39 | Research | Loom |
| 7:23 | Build | Mining Camp |
| 8:25 | Research | Feudal Age |
| 10:16 | Build | Mining Camp |
| 10:35 | Age | Feudal Age |
| 10:40 | Build | Blacksmith |
| 10:48 | Build | Market |
| 11:24 | Research | Castle Age |
| 12:20 | Research | Double-Bit Axe |
| 13:36 | Research | Horse Collar |
| 13:37 | Queue | Villager (Male) |
| 13:38 | Queue | Villager (Male) |
| 13:38 | Queue | Villager (Male) |
| 14:04 | Age | Castle Age |
| 14:24 | Queue | Villager (Male) |
| 14:43 | Queue | Villager (Male) |
| 14:44 | Queue | Villager (Male) |
| 15:01 | Build | Castle |
| 15:09 | Build | House |
| 15:17 | Build | Stone Wall |
| 15:25 | Build | Stone Wall |
| 15:34 | Build | Siege Workshop |
| 16:27 | Queue | Mangonel |
| 17:07 | Queue | Villager (Male) |
| 17:07 | Queue | Villager (Male) |
| 17:27 | Build | Farm |
| 17:27 | Build | Farm |
| 17:27 | Build | Farm |
| 17:55 | Build | Farm |
| 18:00 | Build | Farm |
| 18:15 | Queue | Villager (Male) |
| 18:16 | Queue | Villager (Male) |
| 18:16 | Queue | Villager (Male) |
| 18:23 | Build | Farm |
| 18:41 | Queue | Janissary |
| 18:42 | Queue | Janissary |
| 18:49 | Build | Farm |
| 18:49 | Build | Farm |
| 18:52 | Queue | Villager (Male) |
| 18:59 | Build | Farm |
| 19:23 | Build | Farm |
| 19:25 | Queue | Villager (Male) |
| 19:25 | Queue | Villager (Male) |
| 19:26 | Queue | Villager (Male) |
| 19:33 | Build | Farm |
| 19:33 | Build | Farm |
| 19:33 | Build | Farm |
| 19:46 | Queue | Villager (Male) |
| 19:46 | Queue | Villager (Male) |
| 19:53 | Queue | Janissary |
| 20:20 | Queue | Janissary |
| 20:20 | Queue | Janissary |
| 20:24 | Queue | Villager (Male) |
| 20:24 | Queue | Villager (Male) |
| 20:39 | Queue | Villager (Male) |
| 20:45 | Build | Farm |
| 20:45 | Build | Farm |
| 21:01 | Queue | Mangonel |
| 21:05 | Queue | Villager (Male) |
| 21:06 | Queue | Villager (Male) |
| 21:06 | Queue | Villager (Male) |
| 21:11 | Build | Farm |
| 21:17 | Queue | Janissary |
| 21:17 | Queue | Janissary |
| 21:28 | Queue | Villager (Male) |
| 21:36 | Build | Farm |
| 21:36 | Build | Farm |
| 21:43 | Queue | Janissary |
| 21:43 | Queue | Janissary |
| 21:52 | Queue | Villager (Male) |
| 21:52 | Queue | Villager (Male) |
| 21:59 | Build | Farm |
| 22:03 | Queue | Janissary |
| 22:03 | Queue | Janissary |
| 22:41 | Queue | Mangonel |
| 22:41 | Queue | Mangonel |
| 22:48 | Research | Wheelbarrow |
| 22:50 | Queue | Villager (Male) |
| 22:50 | Queue | Villager (Male) |
| 23:01 | Build | House |
| 23:16 | Queue | Janissary |
| 23:16 | Queue | Janissary |
| 23:16 | Queue | Janissary |
| 23:24 | Queue | Villager (Male) |
| 23:24 | Queue | Villager (Male) |
| 23:36 | Build | Farm |
| 23:36 | Build | Farm |
| 23:45 | Build | House |
| 23:50 | Queue | Janissary |
| 23:50 | Queue | Janissary |
| 23:55 | Queue | Villager (Male) |
| 24:06 | Build | Gate |
| 24:13 | Build | House |
| 24:17 | Queue | Janissary |
| 24:17 | Queue | Janissary |
| 24:26 | Queue | Villager (Male) |
| 24:27 | Queue | Villager (Male) |
| 24:27 | Queue | Villager (Male) |
| 24:27 | Queue | Villager (Male) |
| 24:41 | Build | Farm |
| 24:41 | Build | Farm |
| 25:10 | Queue | Villager (Male) |
| 25:10 | Queue | Villager (Male) |
| 25:35 | Queue | Janissary |
| 25:35 | Queue | Janissary |
| 25:49 | Build | House |
| 25:50 | Build | House |
| 26:05 | Queue | Janissary |
| 26:05 | Queue | Janissary |
| 26:26 | Queue | Janissary |
| 26:31 | Queue | Mangonel |
| 26:42 | Queue | Janissary |
| 26:43 | Queue | Janissary |
| 26:52 | Queue | Villager (Male) |
| 26:52 | Queue | Villager (Male) |
Build order — Rhapcore
First 150 of 410 actions detected
| 0:01 | Queue | Villager (Male) |
| 0:02 | Queue | Villager (Male) |
| 0:03 | Build | House |
| 0:08 | Build | House |
| 0:14 | Queue | Villager (Male) |
| 0:14 | Queue | Villager (Male) |
| 0:14 | Queue | Villager (Male) |
| 1:08 | Queue | Villager (Male) |
| 1:08 | Queue | Villager (Male) |
| 1:08 | Queue | Villager (Male) |
| 1:37 | Queue | Villager (Male) |
| 1:37 | Queue | Villager (Male) |
| 2:11 | Queue | Villager (Male) |
| 2:11 | Queue | Villager (Male) |
| 2:20 | Build | Lumber Camp |
| 2:43 | Queue | Villager (Male) |
| 2:44 | Queue | Villager (Male) |
| 2:44 | Queue | Villager (Male) |
| 3:30 | Queue | Villager (Male) |
| 3:30 | Queue | Villager (Male) |
| 3:43 | Queue | Villager (Male) |
| 3:44 | Queue | Villager (Male) |
| 4:08 | Queue | Villager (Male) |
| 4:09 | Queue | Villager (Male) |
| 4:39 | Queue | Villager (Male) |
| 4:40 | Queue | Villager (Male) |
| 4:44 | Build | House |
| 4:51 | Queue | Villager (Male) |
| 4:56 | Build | House |
| 5:10 | Build | Mill |
| 5:13 | Queue | Villager (Male) |
| 5:13 | Queue | Villager (Male) |
| 5:31 | Build | House |
| 5:38 | Queue | Villager (Male) |
| 5:46 | Queue | Villager (Male) |
| 5:56 | Queue | Villager (Male) |
| 5:56 | Queue | Villager (Male) |
| 6:14 | Queue | Villager (Male) |
| 6:21 | Queue | Villager (Male) |
| 6:49 | Queue | Villager (Male) |
| 6:50 | Queue | Villager (Male) |
| 6:56 | Queue | Villager (Male) |
| 7:21 | Queue | Villager (Male) |
| 7:38 | Queue | Villager (Male) |
| 8:21 | Build | Mining Camp |
| 9:01 | Research | Feudal Age |
| 9:03 | Queue | Villager (Male) |
| 9:04 | Research | Feudal Age |
| 9:04 | Research | Feudal Age |
| 11:38 | Age | Feudal Age |
| 11:49 | Queue | Villager (Male) |
| 11:49 | Queue | Villager (Male) |
| 11:54 | Build | Market |
| 11:56 | Build | Blacksmith |
| 12:45 | Queue | Villager (Male) |
| 13:05 | Research | Castle Age |
| 13:05 | Research | Castle Age |
| 13:16 | Build | Farm |
| 13:17 | Build | Farm |
| 13:18 | Build | Farm |
| 13:19 | Build | Farm |
| 13:21 | Build | Farm |
| 13:25 | Build | Farm |
| 13:42 | Research | Double-Bit Axe |
| 14:23 | Build | Farm |
| 14:26 | Build | Farm |
| 14:27 | Build | Farm |
| 15:50 | Age | Castle Age |
| 15:55 | Build | Town Center |
| 16:01 | Build | Town Center |
| 16:04 | Queue | Villager (Male) |
| 16:05 | Queue | Villager (Male) |
| 16:07 | Build | Farm |
| 16:08 | Build | Farm |
| 16:12 | Queue | Villager (Male) |
| 16:13 | Research | Bow Saw |
| 16:14 | Research | Horse Collar |
| 16:35 | Build | House |
| 16:36 | Build | House |
| 16:40 | Build | Farm |
| 16:47 | Build | House |
| 16:54 | Queue | Villager (Male) |
| 17:00 | Build | Farm |
| 17:18 | Queue | Villager (Male) |
| 17:26 | Build | Farm |
| 17:29 | Build | Farm |
| 17:32 | Queue | Villager (Male) |
| 17:32 | Queue | Villager (Male) |
| 17:32 | Queue | Villager (Male) |
| 17:37 | Build | Farm |
| 17:40 | Build | Farm |
| 17:42 | Queue | Villager (Male) |
| 17:50 | Build | Farm |
| 17:53 | Queue | Villager (Male) |
| 17:56 | Queue | Villager (Male) |
| 17:58 | Queue | Villager (Male) |
| 17:58 | Queue | Villager (Male) |
| 18:03 | Build | Farm |
| 18:06 | Queue | Villager (Male) |
| 18:09 | Build | Farm |
| 18:14 | Research | Heavy Plow |
| 18:16 | Build | House |
| 18:17 | Build | House |
| 18:18 | Build | House |
| 18:24 | Build | Farm |
| 18:27 | Queue | Villager (Male) |
| 18:30 | Build | Farm |
| 18:33 | Build | Farm |
| 18:35 | Queue | Villager (Male) |
| 18:36 | Queue | Villager (Male) |
| 18:38 | Queue | Villager (Male) |
| 18:41 | Queue | Villager (Male) |
| 18:48 | Build | Farm |
| 18:53 | Queue | Villager (Male) |
| 18:56 | Queue | Villager (Male) |
| 19:05 | Build | Farm |
| 19:19 | Build | Palisade Wall |
| 19:22 | Build | House |
| 19:23 | Build | House |
| 19:26 | Build | House |
| 19:34 | Queue | Villager (Male) |
| 19:35 | Queue | Villager (Male) |
| 19:35 | Queue | Villager (Male) |
| 19:37 | Build | Farm |
| 19:45 | Queue | Villager (Male) |
| 19:46 | Queue | Villager (Male) |
| 19:46 | Queue | Villager (Male) |
| 20:05 | Queue | Villager (Male) |
| 20:10 | Build | Farm |
| 20:11 | Queue | Villager (Male) |
| 20:16 | Build | Mining Camp |
| 20:18 | Queue | Villager (Male) |
| 20:19 | Queue | Villager (Male) |
| 20:22 | Queue | Villager (Male) |
| 20:22 | Queue | Villager (Male) |
| 20:24 | Queue | Villager (Male) |
| 20:25 | Queue | Villager (Male) |
| 20:32 | Build | Farm |
| 20:35 | Build | Farm |
| 20:38 | Build | Farm |
| 20:40 | Queue | Villager (Male) |
| 20:50 | Queue | Villager (Male) |
| 20:55 | Build | House |
| 20:56 | Build | House |
| 20:57 | Build | House |
| 20:59 | Queue | Villager (Male) |
| 21:01 | Queue | Villager (Male) |
| 21:01 | Queue | Villager (Male) |
| 21:02 | Queue | Villager (Male) |
| 21:02 | Queue | Villager (Male) |
Build order — 牛比无极限
First 150 of 427 actions detected
| 0:02 | Queue | Villager (Male) |
| 0:02 | Queue | Villager (Male) |
| 0:02 | Queue | Villager (Male) |
| 0:04 | Build | House |
| 0:05 | Build | House |
| 0:24 | Queue | Villager (Male) |
| 0:24 | Queue | Villager (Male) |
| 1:24 | Queue | Villager (Male) |
| 1:24 | Queue | Villager (Male) |
| 2:07 | Queue | Villager (Male) |
| 2:20 | Build | Lumber Camp |
| 2:29 | Queue | Villager (Male) |
| 2:30 | Queue | Villager (Male) |
| 2:59 | Queue | Villager (Male) |
| 3:00 | Queue | Villager (Male) |
| 3:00 | Queue | Villager (Male) |
| 3:04 | Build | House |
| 3:05 | Build | House |
| 3:36 | Queue | Villager (Male) |
| 3:36 | Queue | Villager (Male) |
| 4:07 | Queue | Villager (Male) |
| 4:08 | Queue | Villager (Male) |
| 4:12 | Build | House |
| 4:24 | Queue | Villager (Male) |
| 4:35 | Queue | Villager (Male) |
| 4:36 | Queue | Villager (Male) |
| 5:15 | Queue | Villager (Male) |
| 5:15 | Queue | Villager (Male) |
| 5:49 | Queue | Villager (Male) |
| 6:12 | Build | Mill |
| 6:25 | Build | Mining Camp |
| 7:19 | Research | Loom |
| 7:34 | Research | Feudal Age |
| 7:34 | Research | Feudal Age |
| 7:51 | Build | Farm |
| 8:58 | Queue | Villager (Male) |
| 8:58 | Queue | Villager (Male) |
| 9:07 | Build | Barracks |
| 9:44 | Age | Feudal Age |
| 10:09 | Build | Stable |
| 10:11 | Queue | Villager (Male) |
| 10:31 | Queue | Villager (Male) |
| 11:16 | Build | Blacksmith |
| 11:18 | Queue | Villager (Male) |
| 11:53 | Research | Castle Age |
| 11:56 | Build | Mining Camp |
| 12:09 | Research | Double-Bit Axe |
| 12:18 | Build | House |
| 12:20 | Build | House |
| 12:22 | Build | House |
| 12:26 | Build | House |
| 12:32 | Build | House |
| 12:37 | Build | Stone Wall |
| 13:17 | Research | Horse Collar |
| 13:18 | Research | Horse Collar |
| 14:16 | Queue | Villager (Male) |
| 14:16 | Queue | Villager (Male) |
| 14:33 | Age | Castle Age |
| 14:37 | Build | Town Center |
| 15:01 | Build | Farm |
| 15:02 | Build | Farm |
| 15:04 | Build | Farm |
| 15:29 | Build | Gate |
| 15:32 | Queue | Villager (Male) |
| 15:33 | Queue | Villager (Male) |
| 15:54 | Queue | Villager (Male) |
| 16:05 | Build | Farm |
| 16:06 | Build | Farm |
| 16:10 | Build | Farm |
| 16:11 | Build | Farm |
| 16:23 | Queue | Villager (Male) |
| 16:23 | Queue | Villager (Male) |
| 16:23 | Queue | Villager (Male) |
| 16:34 | Build | Farm |
| 16:53 | Build | Farm |
| 16:54 | Build | Farm |
| 16:59 | Queue | Villager (Male) |
| 17:13 | Build | Farm |
| 17:15 | Queue | Villager (Male) |
| 17:34 | Build | Castle |
| 17:37 | Queue | Villager (Male) |
| 17:41 | Queue | Villager (Male) |
| 17:41 | Queue | Villager (Male) |
| 17:46 | Build | Farm |
| 17:48 | Build | Farm |
| 17:53 | Queue | Villager (Male) |
| 17:54 | Queue | Villager (Male) |
| 18:12 | Queue | Villager (Male) |
| 18:12 | Queue | Villager (Male) |
| 18:24 | Build | Town Center |
| 18:26 | Queue | Villager (Male) |
| 18:26 | Queue | Villager (Male) |
| 18:44 | Build | Farm |
| 18:45 | Build | Farm |
| 18:46 | Build | Farm |
| 18:49 | Queue | Villager (Male) |
| 18:50 | Queue | Villager (Male) |
| 18:50 | Queue | Villager (Male) |
| 19:05 | Queue | Villager (Male) |
| 19:06 | Queue | Villager (Male) |
| 19:12 | Build | Mill |
| 19:15 | Queue | Villager (Male) |
| 19:15 | Queue | Villager (Male) |
| 19:22 | Queue | Villager (Male) |
| 19:22 | Queue | Villager (Male) |
| 19:25 | Build | Farm |
| 19:37 | Queue | Villager (Male) |
| 19:42 | Queue | Mangudai ×2 |
| 19:49 | Queue | Villager (Male) |
| 19:50 | Queue | Villager (Male) |
| 20:01 | Build | Farm |
| 20:02 | Build | Farm |
| 20:04 | Queue | Villager (Male) |
| 20:04 | Queue | Villager (Male) |
| 20:17 | Build | Farm |
| 20:20 | Queue | Villager (Male) |
| 20:20 | Queue | Villager (Male) |
| 20:20 | Queue | Villager (Male) |
| 20:23 | Build | Farm |
| 20:26 | Queue | Mangudai |
| 20:27 | Queue | Mangudai |
| 20:31 | Queue | Villager (Male) |
| 20:31 | Queue | Villager (Male) |
| 20:35 | Queue | Villager (Male) |
| 20:36 | Queue | Villager (Male) |
| 20:40 | Queue | Villager (Male) |
| 20:40 | Queue | Villager (Male) |
| 20:48 | Build | Farm |
| 20:53 | Build | Farm |
| 20:55 | Queue | Villager (Male) |
| 20:55 | Queue | Villager (Male) |
| 20:59 | Build | Farm |
| 21:00 | Build | Farm |
| 21:03 | Build | Farm |
| 21:06 | Queue | Villager (Male) |
| 21:06 | Queue | Villager (Male) |
| 21:07 | Queue | Villager (Male) |
| 21:09 | Build | Farm |
| 21:16 | Build | House |
| 21:22 | Build | House |
| 21:30 | Build | House |
| 21:31 | Build | House |
| 21:32 | Queue | Villager (Male) |
| 21:33 | Queue | Villager (Male) |
| 21:33 | Queue | Villager (Male) |
| 21:33 | Queue | Villager (Male) |
| 21:38 | Queue | Mangudai ×2 |
| 21:41 | Queue | Villager (Male) |
| 21:42 | Queue | Villager (Male) |
| 21:42 | Queue | Villager (Male) |
Build order — Franco*
First 150 of 265 actions detected
| 0:01 | Queue | Villager (Male) |
| 0:01 | Queue | Villager (Male) |
| 0:02 | Queue | Villager (Male) |
| 0:04 | Build | House |
| 0:07 | Build | House |
| 0:13 | Queue | Villager (Male) |
| 0:13 | Queue | Villager (Male) |
| 0:13 | Queue | Villager (Male) |
| 1:35 | Queue | Villager (Male) |
| 1:35 | Queue | Villager (Male) |
| 1:36 | Queue | Villager (Male) |
| 1:59 | Build | Lumber Camp |
| 2:02 | Queue | Villager (Male) |
| 2:03 | Queue | Villager (Male) |
| 2:36 | Queue | Villager (Male) |
| 2:37 | Queue | Villager (Male) |
| 2:42 | Build | House |
| 2:44 | Build | House |
| 3:07 | Queue | Villager (Male) |
| 3:07 | Queue | Villager (Male) |
| 3:08 | Queue | Villager (Male) |
| 3:45 | Queue | Villager (Male) |
| 3:45 | Queue | Villager (Male) |
| 3:45 | Queue | Villager (Male) |
| 4:32 | Queue | Villager (Male) |
| 4:48 | Queue | Villager (Male) |
| 5:12 | Queue | Villager (Male) |
| 5:18 | Build | Mill |
| 5:19 | Queue | Villager (Male) |
| 5:42 | Queue | Villager (Male) |
| 6:13 | Queue | Villager (Male) |
| 6:14 | Queue | Villager (Male) |
| 7:33 | Research | Feudal Age |
| 8:14 | Build | Mining Camp |
| 9:52 | Age | Feudal Age |
| 10:18 | Research | Castle Age |
| 11:45 | Research | Loom |
| 12:03 | Build | Stable |
| 12:12 | Research | Double-Bit Axe |
| 12:37 | Build | House |
| 12:38 | Build | House |
| 12:58 | Age | Castle Age |
| 13:33 | Queue | Knight |
| 13:34 | Queue | Knight |
| 13:34 | Queue | Knight |
| 13:40 | Build | Monastery |
| 13:47 | Build | Siege Workshop |
| 14:00 | Build | House |
| 14:02 | Build | House |
| 14:20 | Build | Gate |
| 14:31 | Queue | Battering Ram |
| 14:31 | Queue | Battering Ram |
| 14:32 | Queue | Scorpion |
| 14:43 | Queue | Villager (Male) |
| 14:45 | Queue | Villager (Male) |
| 15:12 | Queue | Scorpion |
| 15:14 | Queue | Villager (Male) |
| 15:58 | Build | House |
| 16:13 | Queue | Battering Ram |
| 16:42 | Queue | Battering Ram |
| 16:49 | Queue | Villager (Male) |
| 16:49 | Queue | Villager (Male) |
| 16:50 | Queue | Villager (Male) |
| 17:15 | Queue | Battering Ram |
| 17:47 | Build | Farm |
| 18:08 | Build | Farm |
| 18:11 | Build | Farm |
| 18:24 | Build | Farm |
| 18:25 | Build | Farm |
| 18:43 | Build | Farm |
| 18:44 | Build | Farm |
| 18:49 | Queue | Villager (Male) |
| 18:49 | Queue | Villager (Male) |
| 19:17 | Queue | Villager (Male) |
| 19:18 | Queue | Villager (Male) |
| 19:33 | Build | House |
| 19:34 | Build | House |
| 19:40 | Queue | Scorpion |
| 19:41 | Queue | Scorpion |
| 19:49 | Queue | Villager (Male) |
| 19:49 | Queue | Villager (Male) |
| 19:52 | Build | Farm |
| 20:02 | Queue | Scorpion |
| 20:13 | Queue | Villager (Male) |
| 20:13 | Queue | Villager (Male) |
| 20:25 | Build | House |
| 20:31 | Queue | Villager (Male) |
| 20:32 | Queue | Villager (Male) |
| 20:35 | Build | Farm |
| 20:42 | Queue | Villager (Male) |
| 20:48 | Build | Farm |
| 21:13 | Queue | Villager (Male) |
| 21:13 | Queue | Villager (Male) |
| 21:13 | Queue | Villager (Male) |
| 21:15 | Build | Farm |
| 21:22 | Queue | Villager (Male) |
| 21:22 | Queue | Villager (Male) |
| 21:41 | Queue | Villager (Male) |
| 21:41 | Queue | Villager (Male) |
| 21:41 | Queue | Villager (Male) |
| 21:43 | Build | Farm |
| 21:57 | Queue | Villager (Male) |
| 22:01 | Queue | Villager (Male) |
| 22:07 | Build | Stone Wall |
| 22:21 | Queue | Villager (Male) |
| 22:21 | Queue | Villager (Male) |
| 22:21 | Queue | Villager (Male) |
| 22:25 | Build | Farm |
| 22:28 | Queue | Villager (Male) |
| 22:32 | Build | Farm |
| 22:40 | Queue | Villager (Male) |
| 22:54 | Queue | Villager (Male) |
| 22:59 | Queue | Scorpion |
| 22:59 | Queue | Scorpion |
| 23:25 | Queue | Villager (Male) |
| 23:34 | Queue | Battering Ram |
| 23:35 | Queue | Battering Ram |
| 23:39 | Queue | Villager (Male) |
| 23:59 | Research | Horse Collar |
| 24:04 | Build | House |
| 24:05 | Build | House |
| 24:06 | Build | House |
| 24:09 | Queue | Villager (Male) |
| 24:38 | Build | Farm |
| 24:56 | Research | Wheelbarrow |
| 24:57 | Research | Town Watch |
| 25:01 | Research | Heavy Plow |
| 25:13 | Queue | Knight |
| 25:13 | Queue | Knight |
| 25:21 | Queue | Knight |
| 25:32 | Queue | Villager (Male) |
| 25:38 | Build | Lumber Camp |
| 25:53 | Research | Husbandry |
| 26:27 | Build | House |
| 26:37 | Research | Bloodlines |
| 26:41 | Queue | Scorpion |
| 26:41 | Queue | Scorpion |
| 26:48 | Queue | Knight |
| 26:57 | Build | Blacksmith |
| 27:10 | Queue | Villager (Male) |
| 27:41 | Research | Gold Mining |
| 27:42 | Research | Stone Mining |
| 28:38 | Queue | Villager (Male) |
| 28:44 | Build | Siege Workshop |
| 28:52 | Queue | Knight |
| 28:52 | Queue | Knight |
| 28:57 | Research | Scale Barding Armor |
| 28:59 | Research | Forging |
| 29:13 | Queue | Knight |
| 29:14 | Queue | Knight |
Match timeline
| 9:07 | 牛比无极限 · first_building Barracks |
| 9:44 | 牛比无极限 · age_up feudal |
| 9:45 | PSX | King · age_up feudal |
| 9:46 | JAGR | LeonzAoe · age_up feudal |
| 9:52 | Franco* · age_up feudal |
| 10:09 | 牛比无极限 · first_building Stable |
| 10:31 | Coldazzzn · age_up feudal |
| 10:35 | [T41] Flavalon · age_up feudal |
| 11:26 | Alejandrito · age_up feudal |
| 11:38 | Rhapcore · age_up feudal |
| 12:03 | Franco* · first_building Stable |
| 12:37 | 牛比无极限 · wall_segment Stone Wall x1 |
| 12:58 | Franco* · age_up castle |
| 13:30 | PSX | King · age_up castle |
| 13:34 | PSX | King · first_building Monastery |
| 13:40 | Franco* · first_building Monastery |
| 13:46 | Coldazzzn · first_market_buy 100 stone |
| 13:47 | Franco* · first_building Siege Workshop |
| 14:04 | [T41] Flavalon · age_up castle |
| 14:08 | Coldazzzn · age_up castle |
| 14:18 | JAGR | LeonzAoe · age_up castle |
| 14:33 | 牛比无极限 · age_up castle |
| 14:42 | Alejandrito · age_up castle |
| 15:01 | [T41] Flavalon · first_building Castle |
| 15:17 | [T41] Flavalon · wall_segment Stone Wall x1 |
| 15:25 | [T41] Flavalon · wall_segment Stone Wall x5 |
| 15:34 | [T41] Flavalon · first_building Siege Workshop |
| 15:50 | Rhapcore · age_up castle |
| 15:52 | [T41] Flavalon · first_market_buy 100 wood |
| 16:21 | Alejandrito · first_building Castle |
| 16:46 | Alejandrito · first_building Siege Workshop |
| 16:59 | [T41] Flavalon · first_market_sell 100 wood |
| 17:05 | PSX | King · first_market_sell 100 stone |
| 17:12 | PSX | King · first_market_buy 100 wood |
| 17:16 | PSX | King · first_building Barracks |
| 17:34 | 牛比无极限 · first_building Castle |
| 17:35 | JAGR | LeonzAoe · first_building Monastery |
| 19:00 | JAGR | LeonzAoe · first_market_sell 100 wood |
| 19:03 | JAGR | LeonzAoe · first_market_buy 100 stone |
| 19:19 | Rhapcore · wall_segment Palisade Wall x1 |
| 19:26 | Coldazzzn · first_building Siege Workshop |
| 22:07 | Franco* · wall_segment Stone Wall x1 |
| 22:43 | Rhapcore · wall_segment Stone Wall x1 |
| 24:46 | PSX | King · first_building Stable |
| 24:47 | Coldazzzn · first_building Castle |
| 25:05 | JAGR | LeonzAoe · first_building Barracks |
| 25:26 | Alejandrito · first_building Barracks |
| 25:32 | Rhapcore · first_building Barracks |
| 25:36 | Coldazzzn · first_market_sell 100 wood |
| 26:06 | Coldazzzn · first_building Barracks |
| 26:07 | JAGR | LeonzAoe · first_building Castle |
| 26:11 | Rhapcore · first_building Monastery |
| 27:11 | Coldazzzn · first_building Stable |
| 27:18 | Rhapcore · first_building Archery Range |
| 27:36 | Rhapcore · first_building Castle |
| 27:43 | PSX | King · first_building Archery Range |
| 27:45 | PSX | King · age_up imperial |
| 27:52 | Rhapcore · first_building Stable |
| 28:00 | JAGR | LeonzAoe · age_up imperial |
| 28:53 | Coldazzzn · age_up imperial |
| 29:20 | PSX | King · first_building Castle |
| 29:29 | JAGR | LeonzAoe · first_building Siege Workshop |
| 30:09 | Coldazzzn · tribute_sent a jugador 2 |
| 30:09 | Coldazzzn · tribute_sent a jugador 3 |
| 30:09 | Coldazzzn · tribute_sent a jugador 4 |
| 30:09 | Coldazzzn · tribute_sent a jugador 5 |
| 30:09 | Coldazzzn · tribute_sent a jugador 6 |
| 30:09 | Coldazzzn · tribute_sent a jugador 7 |
| 30:09 | Coldazzzn · tribute_sent a jugador 8 |
| 30:16 | Alejandrito · first_building Archery Range |
| 30:37 | Rhapcore · age_up imperial |
| 30:43 | 牛比无极限 · first_market_buy 100 stone |
| 30:58 | PSX | King · wall_segment Palisade Wall x1 |
| 30:58 | 牛比无极限 · first_market_sell 500 food |
| 31:01 | PSX | King · wall_segment Palisade Wall x1 |
| 31:02 | PSX | King · wall_segment Palisade Wall x1 |
| 31:21 | Coldazzzn · tribute_sent a jugador 2 |
| 31:21 | Coldazzzn · tribute_sent a jugador 3 |
| 31:21 | Coldazzzn · tribute_sent a jugador 4 |
| 31:21 | Coldazzzn · tribute_sent a jugador 5 |
| 31:21 | Coldazzzn · tribute_sent a jugador 6 |
| 31:21 | Coldazzzn · tribute_sent a jugador 7 |
| 31:21 | Coldazzzn · tribute_sent a jugador 8 |
| 32:23 | Coldazzzn · first_building Monastery |
| 33:02 | Coldazzzn · tribute_sent a jugador 2 |
| 33:02 | Coldazzzn · tribute_sent a jugador 3 |
| 33:02 | Coldazzzn · tribute_sent a jugador 4 |
| 33:02 | Coldazzzn · tribute_sent a jugador 5 |
| 33:02 | Coldazzzn · tribute_sent a jugador 6 |
| 33:02 | Coldazzzn · tribute_sent a jugador 7 |
| 33:02 | Coldazzzn · tribute_sent a jugador 8 |
| 33:56 | [T41] Flavalon · age_up imperial |
| 33:58 | [T41] Flavalon · first_building Barracks |
| 34:07 | Rhapcore · first_market_sell 100 stone |
| 34:16 | 牛比无极限 · age_up imperial |
| 34:28 | Coldazzzn · tribute_sent a jugador 2 |
| 34:28 | Coldazzzn · tribute_sent a jugador 3 |
| 34:28 | Coldazzzn · tribute_sent a jugador 4 |
| 34:28 | Coldazzzn · tribute_sent a jugador 5 |
| 34:28 | Coldazzzn · tribute_sent a jugador 6 |
| 34:28 | Coldazzzn · tribute_sent a jugador 7 |
| 34:28 | Coldazzzn · tribute_sent a jugador 8 |
| 34:59 | 牛比无极限 · first_building Archery Range |
| 35:39 | Coldazzzn · tribute_sent a jugador 2 |
| 35:39 | Coldazzzn · tribute_sent a jugador 3 |
| 35:39 | Coldazzzn · tribute_sent a jugador 4 |
| 35:39 | Coldazzzn · tribute_sent a jugador 5 |
| 35:39 | Coldazzzn · tribute_sent a jugador 6 |
| 35:39 | Coldazzzn · tribute_sent a jugador 7 |
| 35:39 | Coldazzzn · tribute_sent a jugador 8 |
| 35:42 | PSX | King · first_building Siege Workshop |
| 35:59 | Coldazzzn · first_building Archery Range |
| 36:03 | PSX | King · wall_segment Stone Wall x1 |
| 36:44 | Coldazzzn · tribute_sent a jugador 2 |
| 36:44 | Coldazzzn · tribute_sent a jugador 3 |
| 36:44 | Coldazzzn · tribute_sent a jugador 4 |
| 36:44 | Coldazzzn · tribute_sent a jugador 5 |
| 36:44 | Coldazzzn · tribute_sent a jugador 6 |
| 36:44 | Coldazzzn · tribute_sent a jugador 7 |
| 36:44 | Coldazzzn · tribute_sent a jugador 8 |
| 37:05 | Franco* · wall_segment Stone Wall x1 |
| 37:25 | PSX | King · wall_segment Stone Wall x4 |
| 37:51 | Alejandrito · wall_segment Stone Wall x1 |
| 37:54 | Coldazzzn · tribute_sent a jugador 2 |
| 37:54 | Coldazzzn · tribute_sent a jugador 3 |
| 37:54 | Coldazzzn · tribute_sent a jugador 4 |
| 37:54 | Coldazzzn · tribute_sent a jugador 5 |
| 37:54 | Coldazzzn · tribute_sent a jugador 6 |
| 37:54 | Coldazzzn · tribute_sent a jugador 7 |
| 37:54 | Coldazzzn · tribute_sent a jugador 8 |
| 38:21 | JAGR | LeonzAoe · first_building Stable |
| 38:51 | PSX | King · wall_segment Stone Wall x1 |
| 38:52 | PSX | King · wall_segment Stone Wall x1 |
| 38:59 | Coldazzzn · tribute_sent a jugador 2 |
| 38:59 | Coldazzzn · tribute_sent a jugador 3 |
| 38:59 | Coldazzzn · tribute_sent a jugador 4 |
| 38:59 | Coldazzzn · tribute_sent a jugador 5 |
| 38:59 | Coldazzzn · tribute_sent a jugador 6 |
| 38:59 | Coldazzzn · tribute_sent a jugador 7 |
| 38:59 | Coldazzzn · tribute_sent a jugador 8 |
| 39:29 | [T41] Flavalon · first_building Stable |
| 39:32 | Coldazzzn · tribute_sent a jugador 2 |
| 39:32 | Coldazzzn · tribute_sent a jugador 3 |
| 39:32 | Coldazzzn · tribute_sent a jugador 4 |
| 39:32 | Coldazzzn · tribute_sent a jugador 5 |
| 39:32 | Coldazzzn · tribute_sent a jugador 6 |
| 39:32 | Coldazzzn · tribute_sent a jugador 7 |
| 39:32 | Coldazzzn · tribute_sent a jugador 8 |
| 39:56 | PSX | King · wall_segment Stone Wall x1 |
| 40:45 | Coldazzzn · tribute_sent a jugador 2 |
| 40:45 | Coldazzzn · tribute_sent a jugador 3 |
| 40:45 | Coldazzzn · tribute_sent a jugador 4 |
| 40:45 | Coldazzzn · tribute_sent a jugador 5 |
| 40:45 | Coldazzzn · tribute_sent a jugador 6 |
| 40:45 | Coldazzzn · tribute_sent a jugador 7 |
| 40:45 | Coldazzzn · tribute_sent a jugador 8 |
| 41:35 | 牛比无极限 · first_building Siege Workshop |
| 43:03 | Coldazzzn · tribute_sent a jugador 2 |
| 43:03 | Coldazzzn · tribute_sent a jugador 3 |
| 43:03 | Coldazzzn · tribute_sent a jugador 4 |
| 43:03 | Coldazzzn · tribute_sent a jugador 5 |
| 43:03 | Coldazzzn · tribute_sent a jugador 6 |
| 43:03 | Coldazzzn · tribute_sent a jugador 7 |
| 43:03 | Coldazzzn · tribute_sent a jugador 8 |
| 43:45 | Coldazzzn · tribute_sent a jugador 2 |
| 43:45 | Coldazzzn · tribute_sent a jugador 3 |
| 43:45 | Coldazzzn · tribute_sent a jugador 4 |
| 43:45 | Coldazzzn · tribute_sent a jugador 5 |
| 43:45 | Coldazzzn · tribute_sent a jugador 6 |
| 43:45 | Coldazzzn · tribute_sent a jugador 7 |
| 43:45 | Coldazzzn · tribute_sent a jugador 8 |
| 44:05 | PSX | King · tribute_sent a jugador 1 |
| 44:05 | PSX | King · tribute_sent a jugador 3 |
| 44:05 | PSX | King · tribute_sent a jugador 4 |
| 44:05 | PSX | King · tribute_sent a jugador 5 |
| 44:05 | PSX | King · tribute_sent a jugador 6 |
| 44:05 | PSX | King · tribute_sent a jugador 7 |
| 44:05 | PSX | King · tribute_sent a jugador 8 |
| 44:35 | Coldazzzn · tribute_sent a jugador 2 |
| 44:35 | Coldazzzn · tribute_sent a jugador 3 |
| 44:35 | Coldazzzn · tribute_sent a jugador 4 |
| 44:35 | Coldazzzn · tribute_sent a jugador 5 |
| 44:35 | Coldazzzn · tribute_sent a jugador 6 |
| 44:35 | Coldazzzn · tribute_sent a jugador 7 |
| 44:35 | Coldazzzn · tribute_sent a jugador 8 |
| 45:47 | Alejandrito · age_up imperial |
| 46:55 | PSX | King · wall_segment Stone Wall x6 |
| 49:02 | Franco* · resign |
[ AI ANALYSIS · 1 CREDIT ]
What really happened in this match?
Wolo.gg analyzes every decision: build order, eco, micro, common mistakes by bracket. Personalized analysis on WhatsApp or Discord in 30 seconds.
Civ guide
Malay
Perfil
Jugador #8581249